TOP OF THE 1ST |
Little Caesars Hot N Readys batting - Pitching for Ottawa Nationals : RHP Nelson Cuevas
|
Pitching: RHP Nelson Cuevas
|
|
Batting: RHB Jorge Noutel
|
0-0: Ball 1-0: Foul Ball, location: 2F 1-1: Ball 2-1: Ball 3-1: Ground out 5-3 (Groundball, 56)
|
Batting: LHB Yin-reng Hsueh
|
0-0: Swinging Strike 0-1: Ball 1-1: Ball 2-1: Ball 3-1: Base on Balls
|
Batting: LHB Michael Cochran
|
0-0: Swinging Strike 0-1: Ball 1-1: Ball 2-1: Called Strike Yin-reng Hsueh steals 2nd base 2-2: Fly out, F9 (Flyball, 9S)
|
Batting: SHB Ryan Forrest
|
0-0: Ball 1-0: Ball 2-0: Ball 3-0: Foul Ball, location: 2F 3-1: Base on Balls
|
Batting: RHB Lloyd Raaijmakers
|
0-0: Fielders Choice at 2nd, U6 (Groundball, 6M)
|
Top of the 1st over - 0 runs, 0 hits, 0 errors, 2 left on base; Little Caesars 0 - Ottawa 0 |
BOTTOM OF THE 1ST |
Ottawa Nationals batting - Pitching for Little Caesars Hot N Readys : RHP Luis Bustamante
|
Pitching: RHP Luis Bustamante
|
|
Batting: RHB Tomás Bermúdez
|
0-0: Swinging Strike 0-1: Called Strike 0-2: Strikes out swinging
|
Batting: LHB Walt Lathon
|
0-0: Ball 1-0: Called Strike 1-1: Ball 2-1: Foul Ball, location: 2F 2-2: Foul Ball, location: 2F 2-2: SINGLE (Groundball, 4MD)
|
Batting: LHB Scot Willis
|
0-0: Ball 1-0: Foul Ball, location: 2F 1-1: Ball 2-1: Foul Ball, location: 2F 2-2: SINGLE (Line Drive, 34D) Walt Lathon to second
|
Batting: RHB Jon Hounshell
|
0-0: Ball 1-0: Foul Ball, location: 2F 1-1: Foul Ball, location: 2F 1-2: Ball 2-2: Foul Ball, location: 2F 2-2: Ball 3-2: SINGLE (Line Drive, 89S) Walt Lathon to third Scot Willis to second Runner from 3rd tries for Home, SAFE, no throw
|
Batting: RHB Vincente Fuentes
|
0-0: Ball 1-0: Foul Ball, location: 2F 1-1: SINGLE (Line Drive, 6M) Scot Willis to third Jon Hounshell to second
|
Batting: RHB Mike Jennings
|
0-0: Called Strike 0-1: Fly out, F8 (Flyball, 78M) Runner from 3rd tags up, OUT at HOME
|
Bottom of the 1st over - 1 run, 4 hits, 0 errors, 2 left on base; Little Caesars 0 - Ottawa 1 |
TOP OF THE 2ND |
Little Caesars Hot N Readys batting - Pitching for Ottawa Nationals : RHP Nelson Cuevas
|
Batting: SHB Cyrille Baffi
|
0-0: Called Strike 0-1: Ball 1-1: Swinging Strike 1-2: Ball 2-2: Strikes out swinging
|
Batting: RHB Harith Karim
|
0-0: Ball 1-0: Ball 2-0: Ball 3-0: Swinging Strike 3-1: Base on Balls
|
Batting: RHB George St. Clair
|
0-0: Ball 1-0: Ball 2-0: Called Strike 2-1: Grounds into double play, 5-4-3 (Groundball, 56)
|
Top of the 2nd over - 0 runs, 0 hits, 0 errors, 0 left on base; Little Caesars 0 - Ottawa 1 |
BOTTOM OF THE 2ND |
Ottawa Nationals batting - Pitching for Little Caesars Hot N Readys : RHP Luis Bustamante
|
Batting: RHB Alejandro Serrato
|
0-0: Ball 1-0: Foul Ball, location: 2F 1-1: Swinging Strike 1-2: Strikes out swinging
|
Batting: RHB Juan Román
|
0-0: Called Strike 0-1: Swinging Strike 0-2: Fly out, F9 (Flyball, 9LM)
|
Batting: LHB Alan Shaw
|
0-0: Called Strike 0-1: Ball 1-1: Ball 2-1: Fly out, F7 (Flyball, 78S)
|
Bottom of the 2nd over - 0 runs, 0 hits, 0 errors, 0 left on base; Little Caesars 0 - Ottawa 1 |
TOP OF THE 3RD |
Little Caesars Hot N Readys batting - Pitching for Ottawa Nationals : RHP Nelson Cuevas
|
Batting: RHB Amos Bies
|
0-0: Ball 1-0: Ball 2-0: Ball 3-0: Called Strike 3-1: SINGLE (Line Drive, 56D)
|
Batting: RHB Jorge Noutel
|
0-0: Ball 1-0: Foul Ball, location: 2F 1-1: Ball 2-1: Foul Ball, location: 2F 2-2: Ground out 5-3 (Groundball, 56S) Amos Bies to second
|
Batting: LHB Yin-reng Hsueh
|
0-0: Ball 1-0: SINGLE (Line Drive, 34D) Amos Bies to third Runner from 3rd tries for Home, SAFE, no throw
|
Batting: LHB Michael Cochran
|
0-0: Called Strike 0-1: Foul Ball, location: 2F 0-2: Strikes out swinging
|
Batting: SHB Ryan Forrest
|
0-0: Ball 1-0: Swinging Strike 1-1: Ball 2-1: Ball 3-1: Ground out 4-3 (Groundball, 34)
|
Top of the 3rd over - 1 run, 2 hits, 0 errors, 1 left on base; Little Caesars 1 - Ottawa 1 |
BOTTOM OF THE 3RD |
Ottawa Nationals batting - Pitching for Little Caesars Hot N Readys : RHP Luis Bustamante
|
Batting: RHB Tomás Bermúdez
|
0-0: Ball 1-0: Called Strike 1-1: Swinging Strike 1-2: Foul Ball, location: 2F 1-2: Foul Ball, location: 2F 1-2: Ball 2-2: Foul Ball, location: 2F 2-2: Ball 3-2: Fly out, F9 (Flyball, 9S)
|
Batting: LHB Walt Lathon
|
0-0: Foul Ball, location: 2F 0-1: Foul Ball, location: 2F 0-2: Strikes out looking
|
Batting: LHB Scot Willis
|
0-0: Ground out 4-3 (Groundball, 4M)
|
Bottom of the 3rd over - 0 runs, 0 hits, 0 errors, 0 left on base; Little Caesars 1 - Ottawa 1 |
TOP OF THE 4TH |
Little Caesars Hot N Readys batting - Pitching for Ottawa Nationals : RHP Nelson Cuevas
|
Batting: RHB Lloyd Raaijmakers
|
0-0: Fly out, F7 (Flyball, 7S)
|
Batting: SHB Cyrille Baffi
|
0-0: Swinging Strike 0-1: Ball 1-1: SINGLE (Flyball, 78S)
|
Batting: RHB Harith Karim
|
0-0: Ball Cyrille Baffi steals 2nd base 1-0: Called Strike 1-1: Ball 2-1: Called Strike Cyrille Baffi is caught stealing 3rd base 2-2: Ball 3-2: Strikes out swinging
|
Top of the 4th over - 0 runs, 1 hit, 0 errors, 0 left on base; Little Caesars 1 - Ottawa 1 |
BOTTOM OF THE 4TH |
Ottawa Nationals batting - Pitching for Little Caesars Hot N Readys : RHP Luis Bustamante
|
Batting: RHB Jon Hounshell
|
0-0: Ball 1-0: Swinging Strike 1-1: Foul Ball, location: 2F 1-2: Foul Ball, location: 2F 1-2: Foul Ball, location: 2F 1-2: Strikes out looking
|
Batting: RHB Vincente Fuentes
|
0-0: Foul Ball, location: 2F 0-1: Foul Ball, location: 2F 0-2: Ball 1-2: Foul Ball, location: 2F 1-2: Ball 2-2: Ball 3-2: Base on Balls
|
Batting: RHB Mike Jennings
|
0-0: Foul Ball, location: 2F 0-1: Ball 1-1: Ground out 5-3 (Groundball, 56S) Vincente Fuentes to second
|
Batting: RHB Alejandro Serrato
|
0-0: Called Strike 0-1: Ball 1-1: Swinging Strike 1-2: Ball 2-2: Fly out, F8 (Flyball, 78D)
|
Bottom of the 4th over - 0 runs, 0 hits, 0 errors, 1 left on base; Little Caesars 1 - Ottawa 1 |
TOP OF THE 5TH |
Little Caesars Hot N Readys batting - Pitching for Ottawa Nationals : RHP Nelson Cuevas
|
Batting: RHB George St. Clair
|
0-0: Called Strike 0-1: Ball 1-1: Swinging Strike 1-2: Foul Ball, location: 2F 1-2: Ball 2-2: Ball 3-2: Strikes out swinging
|
Batting: RHB Amos Bies
|
0-0: Bunt for hit - play at first, batter safe!
|
Batting: RHB Jorge Noutel
|
0-0: Called Strike 0-1: Ball 1-1: SINGLE (Groundball, 6MD) Amos Bies to second
|
Batting: LHB Yin-reng Hsueh
|
0-0: Called Strike Amos Bies steals 3rd base Jorge Noutel to second 0-1: Foul Ball, location: 2F 0-2: Ball 1-2: Ball 2-2: Strikes out swinging
|
Batting: LHB Michael Cochran
|
0-0: Ball 1-0: Foul Ball, location: 2F 1-1: Called Strike 1-2: Foul Ball, location: 2F 1-2: Strikes out swinging
|
Top of the 5th over - 0 runs, 2 hits, 0 errors, 2 left on base; Little Caesars 1 - Ottawa 1 |
BOTTOM OF THE 5TH |
Ottawa Nationals batting - Pitching for Little Caesars Hot N Readys : RHP Luis Bustamante
|
Batting: RHB Juan Román
|
0-0: Called Strike 0-1: Swinging Strike 0-2: Ground out 1-3 (Groundball, 15)
|
Batting: LHB Alan Shaw
|
0-0: Ball 1-0: Fly out, F7 (Flyball, 78S)
|
Batting: RHB Tomás Bermúdez
|
0-0: Called Strike 0-1: SINGLE (Line Drive, 8RS)
|
Batting: LHB Walt Lathon
|
0-0: Ball 1-0: Called Strike 1-1: Ball 2-1: Foul Ball, location: 2F 2-2: Fly out, F9 (Flyball, 9)
|
Bottom of the 5th over - 0 runs, 1 hit, 0 errors, 1 left on base; Little Caesars 1 - Ottawa 1 |
TOP OF THE 6TH |
Little Caesars Hot N Readys batting - Pitching for Ottawa Nationals : RHP Nelson Cuevas
|
Batting: SHB Ryan Forrest
|
0-0: Ball 1-0: Ball 2-0: Ball 3-0: Called Strike 3-1: Base on Balls
|
Batting: RHB Lloyd Raaijmakers
|
0-0: Called Strike 0-1: Ball 1-1: Called Strike 1-2: Grounds into double play, 5-4-3 (Groundball, 56)
|
Batting: SHB Cyrille Baffi
|
0-0: Ball 1-0: Swinging Strike 1-1: Ground out 3-1 (Groundball, 3S)
|
Top of the 6th over - 0 runs, 0 hits, 0 errors, 0 left on base; Little Caesars 1 - Ottawa 1 |
BOTTOM OF THE 6TH |
Ottawa Nationals batting - Pitching for Little Caesars Hot N Readys : RHP Luis Bustamante
|
Batting: LHB Scot Willis
|
0-0: Ball 1-0: Ball 2-0: Foul Ball, location: 2F 2-1: Foul Ball, location: 2F 2-2: Strikes out swinging
|
Batting: RHB Jon Hounshell
|
0-0: Ball 1-0: Called Strike 1-1: Foul Ball, location: 2F 1-2: Fly out, F7 (Flyball, 7S)
|
Batting: RHB Vincente Fuentes
|
0-0: Ball 1-0: SINGLE (Line Drive, 8RS)
|
Batting: RHB Mike Jennings
|
0-0: Ball 1-0: Fly out, F8 (Flyball, 8RD)
|
Bottom of the 6th over - 0 runs, 1 hit, 0 errors, 1 left on base; Little Caesars 1 - Ottawa 1 |
TOP OF THE 7TH |
Little Caesars Hot N Readys batting - Pitching for Ottawa Nationals : RHP Nelson Cuevas
|
Batting: RHB Harith Karim
|
0-0: Ball 1-0: Swinging Strike 1-1: Foul Ball, location: 2F 1-2: Fly out, F4 (Popup, 3D)
|
Pinch Hitting: RHB Lorenzo Ruíz
|
0-0: Ball 1-0: Ball 2-0: Called Strike 2-1: Ball 3-1: SINGLE (Groundball, 6MD)
|
Pitching: RHP Jesús Lara
|
|
Pinch Hitting: LHB Gilberto Moreno
|
0-0: Ball 1-0: Called Strike 1-1: Fly out, F9 (Flyball, 9)
|
Batting: RHB Jorge Noutel
|
0-0: Called Strike 0-1: Called Strike 0-2: Ball 1-2: Ball 2-2: Foul Ball, location: 2F 2-2: Ball 3-2: Base on Balls Lorenzo Ruíz to second
|
Batting: LHB Yin-reng Hsueh
|
0-0: Swinging Strike 0-1: Swinging Strike 0-2: Foul Ball, location: 2F 0-2: Ball 1-2: Foul Ball, location: 2F 1-2: Ball 2-2: Foul Ball, location: 2F 2-2: SINGLE (Flyball, 8LS) Lorenzo Ruíz to third Jorge Noutel to second Runner from 3rd tries for Home, SAFE, no throw
|
Batting: LHB Michael Cochran
|
0-0: Ball 1-0: Foul Ball, location: 2F 1-1: Ball 2-1: Swinging Strike 2-2: Foul Ball, location: 2F 2-2: Fly out, F8 (Line Drive, 8LD)
|
Top of the 7th over - 1 run, 2 hits, 0 errors, 2 left on base; Little Caesars 2 - Ottawa 1 |
BOTTOM OF THE 7TH |
Ottawa Nationals batting - Pitching for Little Caesars Hot N Readys : RHP Luis Bustamante
|
Now at 1B: Lorenzo Ruíz
|
|
Now at 3B: José Bravo
|
|
Batting: RHB Alejandro Serrato
|
0-0: Foul Ball, location: 2F 0-1: Foul Ball, location: 2F 0-2: Ball 1-2: Ball 2-2: Strikes out swinging
|
Batting: RHB Juan Román
|
0-0: Ball 1-0: Fly out, F8 (Flyball, 8RS)
|
Batting: LHB Alan Shaw
|
0-0: Ball 1-0: Ground out U3 (Groundball, 3)
|
Bottom of the 7th over - 0 runs, 0 hits, 0 errors, 0 left on base; Little Caesars 2 - Ottawa 1 |
TOP OF THE 8TH |
Little Caesars Hot N Readys batting - Pitching for Ottawa Nationals : RHP Jesús Lara
|
Batting: SHB Ryan Forrest
|
0-0: Ball 1-0: Fly out, F6 (Popup, 56)
|
Batting: RHB Lloyd Raaijmakers
|
0-0: Ball 1-0: Called Strike 1-1: Called Strike 1-2: Ground out 1-3 (Groundball, 13)
|
Batting: SHB Cyrille Baffi
|
0-0: Ball 1-0: Foul Ball, location: 2F 1-1: Reached on error, E6 (Groundball, 6M)
|
Batting: RHB Harith Karim
|
0-0: Ball Cyrille Baffi is caught stealing 2nd base
|
Top of the 8th over - 0 runs, 0 hits, 1 error, 0 left on base; Little Caesars 2 - Ottawa 1 |
BOTTOM OF THE 8TH |
Ottawa Nationals batting - Pitching for Little Caesars Hot N Readys : RHP Luis Bustamante
|
Batting: RHB Tomás Bermúdez
|
0-0: Called Strike 0-1: Swinging Strike 0-2: Foul Ball, location: 2F 0-2: Strikes out looking
|
Pitching: LHP Iván Gonzáles
|
|
Batting: LHB Walt Lathon
|
0-0: Ball 1-0: Swinging Strike 1-1: Foul Ball, location: 2F 1-2: Ball 2-2: Foul Ball, location: 2F 2-2: SINGLE (Flyball, 78S)
|
Batting: LHB Scot Willis
|
0-0: Ball 1-0: Called Strike 1-1: Ball 2-1: Foul Ball, location: 2F 2-2: Foul Ball, location: 2F 2-2: Ball 3-2: Strikes out swinging
|
Batting: RHB Jon Hounshell
|
0-0: Foul Ball, location: 2F 0-1: Ball 1-1: Ball 2-1: Ball 3-1: Base on Balls Walt Lathon to second
|
Batting: RHB Vincente Fuentes
|
0-0: Ball 1-0: Called Strike 1-1: Foul Ball, location: 2F 1-2: Ball 2-2: Ball 3-2: Strikes out swinging
|
Bottom of the 8th over - 0 runs, 1 hit, 0 errors, 2 left on base; Little Caesars 2 - Ottawa 1 |
TOP OF THE 9TH |
Little Caesars Hot N Readys batting - Pitching for Ottawa Nationals : RHP Jesús Lara
|
Batting: RHB Harith Karim
|
0-0: Ball 1-0: Ball 2-0: Foul Ball, location: 2F 2-1: Ball 3-1: SINGLE (Flyball, 89S)
|
Batting: RHB Lorenzo Ruíz
|
0-0: Called Strike 0-1: Called Strike 0-2: Ball 1-2: Ball 2-2: Strikes out swinging
|
Batting: RHB José Bravo
|
0-0: Called Strike 0-1: Foul Ball, location: 2F 0-2: Ball 1-2: Strikes out looking
|
Batting: RHB Jorge Noutel
|
0-0: Swinging Strike 0-1: Foul Ball, location: 2F 0-2: Ball 1-2: Reached on error, E5 (Groundball, 56S) Harith Karim to third
|
Batting: LHB Yin-reng Hsueh
|
0-0: Ball 1-0: Foul Ball, location: 2F 1-1: Ground out U3 (Groundball, 34)
|
Top of the 9th over - 0 runs, 1 hit, 1 error, 2 left on base; Little Caesars 2 - Ottawa 1 |
BOTTOM OF THE 9TH |
Ottawa Nationals batting - Pitching for Little Caesars Hot N Readys : LHP Iván Gonzáles
|
Pitching: LHP I-tsing Ts'ong
|
|
Now at 2B: Bernard Gauthier
|
|
Batting: RHB Mike Jennings
|
0-0: Ball 1-0: Called Strike 1-1: Ball 2-1: SINGLE (Line Drive, 9D)
|
Pinch Runner at 1st José García:
|
|
Batting: RHB Alejandro Serrato
|
0-0: Ball 1-0: Ball 2-0: Called Strike 2-1: Reached on error, E5 (Groundball, 56S) José García to third
|
Batting: RHB Juan Román
|
0-0: Ball 1-0: Ball 2-0: Ball 3-0: Base on Balls
|
Pinch Hitting: RHB Raleigh Delaney
|
0-0: Fly out, F3 (Popup, 3L)
|
Batting: RHB Tomás Bermúdez
|
0-0: Ball 1-0: Ball 2-0: Ball 3-0: Base on Balls José García scores Alejandro Serrato to third Juan Román to second
|
Batting: LHB Walt Lathon
|
0-0: Foul Ball, location: 2F 0-1: Ball 1-1: Fly out, F6 (Popup, 6M)
|
Batting: LHB Scot Willis
|
0-0: Ball 1-0: Foul Ball, location: 2F 1-1: Ball 2-1: Ball 3-1: Base on Balls Alejandro Serrato scores Juan Román to third Tomás Bermúdez to second
|
Sunday, March 18th, 2018 - OOTP Baseball 18.8 Build 76
|
|